 Dungeon Crawl Stone Soup version 0.20-a0-454-g2b43fbb (webtiles) character file.

14414 HarryHood the Gargoyle Catastrophe (level 12, -3/76 HPs)
             Began as a Gargoyle Monk on Jan 8, 2017.
             Was an Elder of Qazlal.
             Slain by a komodo dragon (13 damage)
             ... on level 12 of the Dungeon.
             The game lasted 00:40:43 (9265 turns).

HarryHood the Gargoyle Catastrophe (Gargoyle Monk)  Turns: 9265, Time: 00:40:44

Health: -3/76      AC: 31    Str: 19    XL:     12   Next: 16%
Magic:  0/19       EV: 17    Int: 12    God:    Qazlal [****..]
Gold:   667        SH: 13    Dex: 18    Spells: 11/11 levels left

rFire  . . .     SeeInvis .     a - +5 flail (protect)
rCold  . . .     Gourm    .     k - +2 troll leather armour
rNeg   + + .     Faith    .     i - +2 buckler {AC+3}
rPois  ∞         Spirit   +     x - +2 helmet of Heenewo {rN+ MR++ Str-3 Dex+3}
rElec  +         Reflect  .     s - +0 cloak
rCorr  .         Harm     .     (no gloves)
MR     ++...                    (no boots)
Stlth  +.........               f - amulet of guardian spirit
                                m - +3 ring of dexterity
                                b - +3 ring of strength

@: protection aura, repel missiles
A: negative energy resistance 1, electricity resistance, unbreathing,
petrification resistance, rot immunity, AC +8
a: Upheaval, Elemental Force, Renounce Religion


You were on level 12 of the Dungeon.
You worshipped Qazlal.
Qazlal was greatly pleased with you.
You were not hungry.

You visited 2 branches of the dungeon, and saw 13 of its levels.

You collected 727 gold pieces.
You spent 60 gold pieces at shops.

Inventory:

Hand Weapons
 a - a +5 flail of protection (weapon)
Armour
 i - a +2 buckler of protection (worn)
 k - a +2 troll leather armour (worn)
 s - a +0 cloak (worn)
 x - the +2 helmet of Heenewo (worn) {rN+ MR++ Str-3 Dex+3}
   (You found it on level 6 of the Dungeon)

   It affects your strength (-3).
   It affects your dexterity (+3).
   It protects you from negative energy.
   It affects your resistance to hostile enchantments.
 y - a +1 buckler of positive energy
Jewellery
 b - a +3 ring of strength (left hand)
 f - an amulet of guardian spirit (around neck)
 m - a +3 ring of dexterity (right hand)
 q - an uncursed ring of magical power
 C - an uncursed amulet of rage {unknown}
 F - a +3 ring of intelligence
 I - an uncursed ring of positive energy {unknown}
Wands
 A - a wand of digging (21/24)
Scrolls
 e - 2 scrolls of identify {@r1}
 r - 7 scrolls of teleportation {@r0}
 t - a scroll of recharging
 u - a scroll of blinking {@r7}
Potions
 d - a potion of flight {unknown}
 g - a potion of ambrosia
 j - a potion of lignification {!q}
 l - 2 potions of cure mutation
 n - 6 potions of curing {@q2}
 o - a potion of cancellation
 p - 3 potions of agility
 z - 2 potions of berserk rage {unknown}
 B - a potion of brilliance {unknown}
 D - a potion of resistance {unknown}
 G - a potion of beneficial mutation {unknown}
Books
 H - a book of Maledictions

   Spells                             Type                      Level
   a - Corona                         Hexes                        1
   b - Ensorcelled Hibernation        Hexes/Ice                    2
   c - Confuse                        Hexes                        3
   d - Tukima's Dance                 Hexes                        3
   e - Dazzling Spray                 Conjuration/Hexes            3
Comestibles
 c - 10 bread rations {@e1}
 h - 8 meat rations {@e1}
 v - 10 fruits {@e2}
 w - 13 chunks of flesh
 E - 7 beef jerkies {@e2}


   Skills:
 - Level 9.1 Fighting
 - Level 9.0 Maces & Flails
 - Level 9.1 Armour
 * Level 7.0 Dodging
 - Level 2.1 Stealth
 - Level 6.2 Shields
 + Level 10.0 Invocations


You had 11 spell levels left.
You didn't know any spells.

Dungeon Overview and Level Annotations

Branches:
Dungeon (12/15)            Temple (1/1) D:6            Lair (0/6) D:11
    Orc (0/2) D:12

Altars:
Ashenzari
Cheibriados
Dithmenos
Elyvilon
Fedhas
Gozag
Hepliaklqana
Kikubaaqudgha
Makhleb
Nemelex Xobeh
Okawaru
Qazlal
Ru
Sif Muna
Trog
Uskayaw
Vehumet
Xom
Yredelemnul
Zin
The Shining One
Beogh

Shops:
D:5 =   D:7 :![   D:11 *


Innate Abilities, Weirdness & Mutations

You are resistant to torment.
Your stone body is resilient. (AC +8)
You are immune to poison.
You resist negative energy. (rN+)
You are resistant to electric shocks. (rElec)
You can survive without breathing.
You are immune to petrification.
You are immune to rotting.


Message History

The wyvern barely misses you.
Okay, then.
You sock the white ugly thing!
The white ugly thing is almost dead.
The wyvern bites you!
* * * LOW HITPOINT WARNING * * *
You block the white ugly thing's attack.
You block the komodo dragon's attack.
You hit the komodo dragon.
The komodo dragon is lightly wounded.
The wyvern completely misses you. The komodo dragon bites you.
* * * LOW HITPOINT WARNING * * *
The white ugly thing barely misses you. You block the wyvern's attack.
Some of the chunks of flesh in your inventory have rotted away.
The komodo dragon bites you but does no damage.
The orc wizard casts a spell.
The orc wizard blinks!
You block the wyvern's attack.
The orc wizard gestures at you while chanting.
The magic dart hits you! The komodo dragon bites you!
You die...

##############
#..§§........#
##+#...§l..§....#
$......@lu..§§..#
........o...o...#
....#########'#.....
... #.........# ...
.. #.........# .
######..##.....#
#...##..##.....#
#.......##.....#
#...##..##.....#


You could see a white ugly thing, a komodo dragon, a wyvern, an orc wizard and
an orc.

Vanquished Creatures
  3 two-headed ogres
  A tengu warrior (D:12)
  An unseen horror (D:11)
  Pikel (D:9)
  2 ugly things
  A centaur zombie (D:10)
  Joseph (D:9)
  Psyche (D:9)
  Maurice (D:9)
  A gargoyle (D:10)
  Grinder (D:5)
  2 trolls (D:12)
  2 hornets
  A hippogriff (D:11)
  2 wyverns
  Eustachio (D:4)
  4 vampire mosquitoes (D:12)
  2 wargs (D:11)
  An acid dragon (D:11)
  A water moccasin (D:12)
  6 ice beasts
  A slave (D:9)
  3 orc warriors
  4 sky beasts
  A phantom (D:11)
  6 ogres
  A black bear (D:9)
  A necrophage (D:11)
  9 centaurs
  2 crocodiles
  Blork the orc (D:6)
  7 bullfrogs
  A water moccasin zombie (D:12)
  3 scorpions
  6 killer bees (D:12)
  A howler monkey (D:7)
  7 crimson imps
  A bullfrog zombie (D:11)
  8 hounds
  5 jellies
  2 centaur skeletons
  6 orc priests
  6 iguanas
  A bullfrog skeleton (D:12)
  12 orc wizards
  8 worker ants
  A hound skeleton (D:6)
  2 worker ant zombies
  11 adders
  2 howler monkey skeletons
  An adder zombie (D:9)
  5 worms
  3 leopard geckos
  38 orcs
  2 bats (D:1)
  7 giant cockroaches
  6 goblins
  10 hobgoblins
  5 jackals
  6 quokkas
  A ball python (D:3)
  3 frilled lizards
  7 kobolds
  A leopard gecko skeleton (D:9)
  A quokka skeleton (D:4)
  4 rats
  A plant (D:1)
256 creatures vanquished.

Notes
Turn   | Place    | Note
-------+----------+-------------------------------------------
     0 | D:1      | HarryHood the Gargoyle Monk began the quest for the Orb.
     0 | D:1      | Reached XP level 1. HP: 14/14 MP: 1/1
   331 | D:1      | Reached XP level 2. HP: 20/20 MP: 2/2
   357 | D:1      | Reached skill level 4 in Fighting
   707 | D:2      | Reached XP level 3. HP: 23/24 MP: 3/3
   875 | D:2      | Found a shattered altar of Ashenzari.
  1061 | D:2      | Reached skill level 5 in Fighting
  1185 | D:2      | Found a sacrificial altar of Ru.
  1196 | D:2      | Reached XP level 4. HP: 31/31 MP: 4/4
  1669 | D:3      | Found a snail-covered altar of Cheibriados.
  1853 | D:3      | Noticed a centaur
  1865 | D:3      | Killed a centaur
  1865 | D:3      | Reached skill level 6 in Fighting
  1865 | D:3      | Reached XP level 5. HP: 29/37 MP: 5/5
  1883 | D:3      | Found a shimmering altar of Xom.
  1884 | D:3      | Found a radiant altar of Vehumet.
  2132 | D:3      | Reached skill level 4 in Maces & Flails
  2132 | D:3      | Reached XP level 6. HP: 42/42 MP: 6/6
  2249 | D:3      | Found an opulent altar of Gozag.
  2282 | D:3      | Found a white marble altar of Elyvilon.
  2285 | D:3      | Found an opulent altar of Gozag.
  2436 | D:4      | Noticed Eustachio
  2469 | D:4      | Killed Eustachio
  2469 | D:4      | Reached skill level 5 in Maces & Flails
  2509 | D:4      | Reached XP level 7. HP: 44/47 MP: 7/7
  2619 | D:4      | Reached skill level 6 in Maces & Flails
  2950 | D:4      | Reached skill level 7 in Maces & Flails
  3116 | D:4      | Reached skill level 1 in Armour
  3315 | D:4      | Reached skill level 2 in Armour
  3412 | D:5      | Entered Level 5 of the Dungeon
  3625 | D:5      | Reached skill level 3 in Armour
  3625 | D:5      | Reached XP level 8. HP: 52/52 MP: 8/8
  3630 | D:5      | Reached skill level 4 in Armour
  3739 | D:5      | Noticed Grinder
  3751 | D:5      | Paralysed by Grinder for 7 turns
  3767 | D:5      | Killed Grinder
  3767 | D:5      | Reached skill level 5 in Armour
  3861 | D:5      | Found Tacyts's Jewellery Boutique.
  3921 | D:5      | Reached skill level 6 in Armour
  3964 | D:5      | Reached skill level 3 in Dodging
  4147 | D:5      | Identified a scroll of acquirement
  4179 | D:6      | Noticed Blork the orc
  4192 | D:6      | Killed Blork the orc
  4199 | D:6      | Reached skill level 4 in Dodging
  4278 | D:5      | Reached XP level 9. HP: 14/56 MP: 3/9
  4364 | D:5      | Reached skill level 5 in Dodging
  4442 | D:6      | Found a staircase to the Ecumenical Temple.
  4451 | Temple   | Entered the Ecumenical Temple
  4504 | Temple   | Became a worshipper of Qazlal Stormbringer
  4504 | Temple   | Reached * piety under Qazlal
  4504 | Temple   | Reached ** piety under Qazlal
  4688 | D:6      | Got a twisted helmet
  4702 | D:6      | Identified the +2 helmet of Heenewo {rN+ MR++ Str-3 Dex+3} (You found it on level 6 of the Dungeon)
  4848 | D:7      | Found Tosiceur's Book Boutique.
  4881 | D:7      | Reached skill level 1 in Invocations
  5036 | D:7      | Reached skill level 2 in Invocations
  5135 | D:7      | Reached skill level 6 in Dodging
  5149 | D:7      | Found Wocan's Distillery.
  5152 | D:7      | Bought a potion of heal wounds for 60 gold pieces
  5234 | D:7      | Reached skill level 3 in Invocations
  5311 | D:7      | Found Veuqetes's Armour Boutique.
  5344 | D:7      | Reached skill level 1 in Shields
  5370 | D:7      | Reached skill level 2 in Shields
  5977 | D:8      | Reached skill level 3 in Shields
  6036 | D:8      | Reached skill level 4 in Invocations
  6085 | D:8      | Reached skill level 4 in Shields
  6157 | D:8      | Noticed a dagger
  6157 | D:8      | Noticed a dagger
  6159 | D:8      | Found a hide-covered altar of Uskayaw.
  6435 | D:9      | Noticed a two-headed ogre
  6444 | D:9      | Killed a two-headed ogre
  6444 | D:9      | Reached skill level 6 in Shields
  6444 | D:9      | Reached skill level 5 in Invocations
  6444 | D:9      | Reached XP level 10. HP: 57/61 MP: 11/14
  6477 | D:9      | Noticed Joseph
  6498 | D:9      | Killed Joseph
  6498 | D:9      | Reached skill level 7 in Fighting
  6521 | D:9      | Reached *** piety under Qazlal
  6705 | D:9      | Noticed Maurice
  6705 | D:9      | Reached skill level 6 in Invocations
  6733 | D:9      | Killed Maurice
  6744 | D:9      | Reached skill level 8 in Fighting
  6970 | D:9      | Noticed Psyche
  6973 | D:9      | Killed Psyche
  7013 | D:9      | Noticed Pikel
  7027 | D:9      | Killed Pikel
  7027 | D:9      | Reached skill level 9 in Fighting
  7027 | D:9      | Reached skill level 7 in Invocations
  7263 | D:10     | Entered Level 10 of the Dungeon
  7337 | D:10     | Noticed a gargoyle
  7350 | D:10     | Killed a gargoyle
  7542 | D:10     | Noticed a two-headed ogre
  7562 | D:10     | Killed a two-headed ogre
  7562 | D:10     | Reached skill level 8 in Maces & Flails
  7562 | D:10     | Reached XP level 11. HP: 35/71 MP: 5/16
  7721 | D:10     | Reached skill level 8 in Invocations
  8094 | D:11     | Noticed a purple ugly thing
  8117 | D:11     | Killed a purple ugly thing
  8216 | D:11     | Reached skill level 9 in Maces & Flails
  8309 | D:11     | Killed an unseen horror
  8328 | D:11     | Reached skill level 7 in Armour
  8440 | D:11     | Reached **** piety under Qazlal
  8602 | D:11     | Found Soniunka's Changing Room.
  8704 | D:11     | Noticed a two-headed ogre
  8714 | D:11     | Killed a two-headed ogre
  8714 | D:11     | Reached skill level 9 in Invocations
  8724 | D:11     | Found a staircase to the Lair.
  8732 | D:11     | Reached skill level 8 in Armour
  8907 | D:12     | Found a staircase to the Orcish Mines.
  9020 | D:12     | Found a roughly hewn altar of Beogh.
  9026 | D:12     | Noticed a tengu warrior
  9040 | D:12     | Killed a tengu warrior
  9040 | D:12     | Reached skill level 9 in Armour
  9080 | D:12     | Reached XP level 12. HP: 56/76 MP: 14/19
  9206 | D:12     | Reached skill level 7 in Dodging
  9206 | D:12     | Reached skill level 10 in Invocations
  9213 | D:12     | Found a hide-covered altar of Uskayaw.
  9265 | D:12     | Slain by a komodo dragon

Vault maps used:
D:1:      roderic_crop_circles_arrival_large, st_stairs_1,
          minmay_tree_intersection, minmay_misc_feat_square
D:2:      nicolae_ru_sacrificial_ziggurat, first_bread,
          nicolae_ashenzari_panopticon
D:3:      cheibriados_altar_1, nicolae_overflow_hidden_temple,
          nicolae_gozag_seed_capital
D:4:      minmay_misc_feat_iff, dk_noncrumbling_4, uniq_eustachio
D:5:      serial_shops, nicolae_shop_crystal, uniq_grinder
D:6:      uniq_blork_the_orc
D:7:      serial_shops, shop, nicolae_shop_trees, shop, grunt_ogre_cave,
          kennysheep_generic_room_5
D:8:      dancing_weapons_uskayaw
D:9:      uniq_psyche, uniq_maurice, uniq_joseph, uniq_pikel
D:11:     erik_lair_orcish_takeover, nicolae_transmutations_shop
D:12:     minmay_orc_entry_temple_small, basic_altar, serial_shops, shop
Temple:   zaba_magenta_temple

Skill      XL: |  1  2  3  4  5  6  7  8  9 10 11 12 |
---------------+-------------------------------------+-----
Fighting       | 4 5 6 9 |  9.1
Maces & Flails | 4 5 7 8 9 |  9.0
Armour         | 3 6 9 |  9.1
Dodging        | 4 6 7 |  7.0
Invocations    | 5 7 9 10 | 10.0
Shields        | 6 |  6.2
Stealth        | |  2.1

Action                   |  1- 3 |  4- 6 |  7- 9 | 10-12 || total
-------------------------+-------+-------+-------+-------++-------
Melee: Mace              |   144 |   201 |    45 |       ||   390
       Flail             |       |       |   359 |   505 ||   864
Invok: Upheaval          |       |       |       |     1 ||     1
  Use: Scroll            |     6 |     3 |    13 |     3 ||    25
       Potion            |       |       |     1 |     1 ||     2
 Stab: Sleeping          |     1 |     2 |       |       ||     3
       Distracted        |       |       |     1 |       ||     1
  Eat: Chunk             |     1 |     5 |    13 |    10 ||    29
Armor: Robe              |     5 |       |       |       ||     5
       Leather armour    |     4 |       |       |       ||     4
       Troll leather arm |    24 |   168 |   167 |   286 ||   645
       Skin              |       |       |     1 |       ||     1
Dodge: Dodged            |    60 |   244 |   251 |   338 ||   893
       Deflected         |       |       |       |     1 ||     1
Block: Buckler           |       |       |   101 |   389 ||   490
